 Dungeon Crawl Stone Soup version 0.29.1-1-gd02db6906a (webtiles) character file.

Game seed: 9738322829638610046

333 gzilladon the Chopper (level 6, -2/73 (84) HPs)
             Began as a Hill Orc Monk on Sept 27, 2022.
             Was a Priest of Beogh.
             Slain by a wight
             ... wielding a +3 scimitar
              (5 damage)
             ... on level 5 of the Dungeon.
             The game lasted 00:18:06 (5736 turns).

gzilladon the Chopper (Hill Orc Monk)               Turns: 5736, Time: 00:18:08

HP:   -2/73 (84)    AC: 23    Str: 22    XL:     6   Next: 52%
MP:   6/7           EV:  2    Int: 10    God:    Beogh [***...]
Gold: 202           SH:  0    Dex: 13    Spells: 5/5 levels left

rFire   . . .      SeeInvis .   s - +0 war axe
rCold   . . .      Faith    .   (no shield)
rNeg    . . .      Spirit   .   (body armour currently unavailable)
rPois   +          Reflect  .   (helmet currently unavailable)
rElec   .          Harm     .   (cloak currently unavailable)
rCorr   .          Rampage  .   (gloves currently unavailable)
Will    .....      NoTele   +   (boots currently unavailable)
Stlth   ++........              (no amulet)
HPRegen 0.22/turn               q - +6 ring of strength
MPRegen 0.10/turn               (no ring)

@: tree-form, heavily drained
A: stationary, stasis, torment immunity, boosted hp
a: Renounce Religion, Smiting


You were on level 5 of the Dungeon.
You worshipped Beogh.
Beogh was most pleased with you.
You were a tree.
You visited 1 branch of the dungeon, and saw 5 of its levels.

You collected 202 gold pieces.

Inventory:

Hand Weapons
 a - a +0 hand axe
 s - a +0 war axe (weapon)
Missiles
 i - 31 stones (quivered)
 j - 3 poisoned darts
Armour
 b - a +0 robe
 g - a +2 pair of boots (melded)
 m - a +0 helmet (melded)
 n - a +0 leather armour
 p - a +0 ring mail
 x - a +0 scale mail (melded)
Jewellery
 q - a +6 ring of strength (left branch)
Scrolls
 c - a scroll of immolation {unknown}
 d - a scroll of blinking {unknown}
 e - a scroll of teleportation {unknown}
 f - a scroll of torment {unknown}
 h - 2 scrolls of vulnerability {unknown}
 l - 2 scrolls of poison {unknown}
 o - 2 scrolls of silence {unknown}
 r - a scroll of identify {unknown}
Potions
 k - a potion of lignification
 t - a potion of invisibility {unknown}
 u - a potion of degeneration {unknown}
 v - a potion of mutation {unknown}
 w - a potion of flight {unknown}
 z - a potion of curing {unknown}


   Skills:
 + Level 5.2 Fighting
 * Level 7.0 Axes
 + Level 1.5 Armour
 + Level 3.1 Dodging
 - Level 1.5 Stealth
 * Level 1.6 Invocations


You had 5 spell levels left.
You didn't know any spells.
Your spell library contained the following spells:

 Spells                   Type           Power      Damage    Failure   Level
 Animate Dead             Necr           0%         N/A       98%         4
 Borgnjor's Vile Clutch   Necr/Erth      0%         N/A       100%        5
 Death Channel            Necr           0%         N/A       100%        6


Dungeon Overview and Level Annotations

Branches:
Dungeon (5/15)
 Temple: D:4-7

Altars:
Wu Jian
Xom

Shops:
D:2 !

Annotations:
D:4 Grinder


Message History

The wight hits you with a +3 great sword.
You feel drained. The wight hits you but does no damage.
You barely miss the wight. You hit the wight. The wight completely misses you.
The wight hits you with a +3 scimitar.
You feel drained. The adder bites you but does no damage.
Beogh accepts your kill.
You feel a bit more experienced.
Your Axes skill increases to level 7!
You closely miss the wight. You hit the wight. You closely miss the adder.
The adder bites you but does no damage.
The wight hits you with a +3 great sword.
The wight misses you.
You hit the wight but do no damage. You hit the adder but do no damage.
You closely miss the wight. The adder bites you but does no damage.
The wight closely misses you. The wight hits you with a +3 scimitar.
The adder bites you but does no damage.
You hit the wight but do no damage. You completely miss the wight.
You miss the adder. The wight closely misses you. The wight barely misses you.
The wight completely misses you. The adder barely misses you.
The wight hits you with a +3 great sword!
The wight hits you with a +3 scimitar!
You feel drained.
* * * LOW HITPOINT WARNING * * *
The wight misses you.
You miss the adder. You hit the wight. You barely miss the wight.
The adder bites you but does no damage. x2
The wight hits you with a +3 great sword!
* * * LOW HITPOINT WARNING * * *
You feel drained.
* * * LOW HITPOINT WARNING * * *
The wight hits you but does no damage. The wight hits you with a +3 scimitar.
* * * LOW HITPOINT WARNING * * *
You feel drained.
* * * LOW HITPOINT WARNING * * *
It was a potion of lignification.
You turn into a tree.
Your +0 helmet melds into your body.
Your +2 pair of boots melds into your body.
Your +0 scale mail melds into your body.
Your roots penetrate the ground.
The adder bites you but does no damage. The wight hits you but does no damage.
The wight hits you with a +3 scimitar.
You die...

#. .~oP.. #..
.P...
#..##...
#......###
#.#.....
#..=..#
#....# #zS.<#
##♣#(..#
#z#.z.#
zz#'#...
.........#
#........>..
#.......#####
#.......
#.$....


You could see 4 wights and an adder.

Vanquished Creatures
  An ogre (D:4)
  A wight (D:5)
  2 orc wizards
  2 adders (D:3)
  A worm (D:2)
  10 orcs
  7 endoplasms
  5 giant cockroaches
  10 goblins
  12 hobgoblins
  6 jackals
  7 quokkas
  10 ball pythons
  A bat (D:3)
  8 frilled lizards
  5 kobolds
  10 rats
98 creatures vanquished.

Vanquished Creatures (collateral kills)
  A jelly (D:5)
1 creature vanquished.

Vanquished Creatures (others)
  An orc priest (D:5)
  An adder (D:3)
  2 orcs
  4 jackals (D:3)
  A quokka (D:3)
  A goblin (D:3)
10 creatures vanquished.

Grand Total: 109 creatures vanquished

Notes
Turn   | Place    | Note
-------+----------+-------------------------------------------
     0 | D:1      | gzilladon the Hill Orc Monk began the quest for the Orb.
     0 | D:1      | Reached XP level 1. HP: 19/19 MP: 1/1
   190 | D:1      | Found a faded altar of an unknown god.
   275 | D:1      | Reached XP level 2. HP: 21/27 MP: 2/2
  1026 | D:1      | Reached XP level 3. HP: 22/33 MP: 3/3
  2560 | D:2      | Found Estrafre's Distillery.
  2632 | D:2      | Reached XP level 4. HP: 35/41 MP: 4/4
  2847 | D:2      | Reached skill level 5 in Axes
  3098 | D:3      | Became a worshipper of Beogh the Brigand
  3098 | D:3      | Reached * piety under Beogh
  3098 | D:3      | Reached ** piety under Beogh
  3347 | D:3      | Found a shimmering altar of Xom.
  3504 | D:3      | Reached skill level 5 in Fighting
  3650 | D:3      | Reached XP level 5. HP: 48/48 MP: 5/5
  4234 | D:3      | Found an ornate altar of the Wu Jian Council.
  4469 | D:4      | Noticed Grinder
  4469 | D:4      | Paralysed by Grinder for 2 turns
  4805 | D:4      | Noticed an ogre
  4821 | D:4      | Killed an ogre
  4822 | D:4      | Reached skill level 6 in Axes
  4822 | D:4      | Reached skill level 1 in Armour
  4822 | D:4      | Reached skill level 1 in Invocations
  4848 | D:4      | Reached XP level 6. HP: 52/56 MP: 6/6
  5725 | D:5      | Entered Level 5 of the Dungeon
  5728 | D:5      | Reached *** piety under Beogh
  5732 | D:5      | Reached skill level 7 in Axes
  5735 | D:5      | HP: 2/49 [wight/+3 scimitar (1)]
  5736 | D:5      | Slain by a wight

Illustrated notes

Levels and vault maps discovered:
D:1:      giann_wishing_wells, layout_loops_cross, basic_ecumenical_altar,
          serial_rivers, chequers_serial_rivers_micro_c,
          chequers_serial_rivers_large_a, chequers_serial_rivers_micro_a,
          chequers_serial_rivers_room_b, chequers_serial_rivers_micro_e,
          chequers_serial_rivers_micro_d, nrook_campfire
D:2:      layout_loops_corners, serial_shops,
          nicolae_shop_temple_entry_statues_fountains, minmay_rat_gold_closets
D:3:      layout_loops_ring, mainiacjoe_overflow_six_doors_small,
          xom_confusion_cloud
D:4:      layout_basic, uniq_grinder
D:5:      layout_basic, zin_scriptorium, grunt_ministairs_8,
          serial_bayou_pond_b, uniq_sigmund

Skill      XL: |  1  2  3  4  5  6 |
---------------+-------------------+-----
Fighting       | 4 5 |  5.2
Axes           | 5 6 7 |  7.0
Dodging        | 3 |  3.1
Armour         | 1 |  1.5
Invocations    | 1 |  1.6
Stealth        | |  1.5

Action                   |  1- 3 |  4- 6 || total
-------------------------+-------+-------++-------
Melee: Hand axe          |   161 |    98 ||   259
       War axe           |       |    58 ||    58
Throw: Dart              |       |     1 ||     1
       Stone             |       |     1 ||     1
Invok: Convert to Beogh  |       |     1 ||     1
  Use: Potion            |       |     2 ||     2
 Stab: Sleeping          |     2 |     3 ||     5
Armor: Robe              |    69 |     3 ||    72
       Leather armour    |       |    23 ||    23
       Ring mail         |       |    25 ||    25
       Scale mail        |       |    13 ||    13
       Skin              |       |     2 ||     2
Dodge: Dodged            |   141 |   104 ||   245
